Map: [ESL] Cosmic Sapphire

Players

Has - Winner!

  • Race: Protoss Protoss
  • Spawn Location: 5:00

Nice

  • Race: Protoss Protoss
  • Spawn Location: 11:00

Event: DreamHack SC2 Masters 2022 Atlanta (Online)

VOD

Have the link to the VOD?

Description

Time

  • Played on: Oct. 2, 2022, 9:14 a.m.
  • Length: 7:28

All games in this series

Show
View Real Time Build Order
Export as new Build Order

Has Protoss - Winner!

Build Orders: Blink Stalkers 

Get SALT Encoding   

  12  0:00  Probe  
  13  0:12  Probe  
  14  0:17  Pylon  
  14  0:24  Probe (Chrono Boost)  
  15  0:37  Gateway, Probe (Chrono Boost)  
  15  0:42  Probe (Chrono Boost)  
  16  0:45  Assimilator  
  17  0:53  Probe (Chrono Boost)  
  17  0:55  Assimilator  
  18  1:05  Probe (Chrono Boost)  
  18  1:09  Gateway  
  19  1:13  Probe (Chrono Boost)  
  20  1:20  Probe  
  21  1:26  Cybernetics Core  
  21  1:29  Pylon  
  21  1:32  Probe  
  22  1:44  Probe  
  23  1:56  Probe  
  24  2:02  Stalker x2  
  24  2:04  Warp Gate  
  24  2:06  Pylon  
  28  2:11  Probe  
  29  2:24  Twilight Council  
  30  2:33  Stalker  
  31  2:39  Stalker  
  31  2:42  Probe  
  33  2:51  Gateway  
  33  2:55  Probe  
  34  3:03  Blink (Chrono Boost)  
  34  3:13  Pylon  
  34  3:26  Stalker x2  
  38  3:28  Pylon  
  37  3:49  Nexus  
  37  3:58  Stalker  
  39  4:05  Stalker  
  41  4:11  Stalker  
  42  4:17  Pylon  
  42  4:26  Stalker  
  40  4:31  Probe  
  40  4:37  Stalker  
  42  4:45  Stalker  
  44  4:47  Probe  
  45  4:58  Stalker  
  47  5:00  Probe  
  47  5:01  Probe  
  49  5:11  Stalker  
  51  5:14  Probe  
  51  5:15  Probe  
  51  5:24  Stalker  
  51  5:27  Probe  
  54  5:42  Stalker  
  55  5:43  Zealot  
  55  5:44  Probe x2  
  59  5:56  Probe  
  61  5:57  Stalker  
  57  6:07  Stalker  
  57  6:08  Probe (Chrono Boost)  
  57  6:09  Probe (Chrono Boost)  
  53  6:20  Probe (Chrono Boost)  
  53  6:21  Probe (Chrono Boost)  
  53  6:25  Probe (Chrono Boost)  
  52  6:27  Stalker  
  52  6:29  Probe  
  54  6:36  Zealot  
  54  6:37  Zealot  
  48  6:54  Stalker  
  48  7:01  Stalker  
  50  7:02  Probe  
Show
View Real Time Build Order
Export as new Build Order

Nice Protoss 

Build Orders: Oracle Opening 

Get SALT Encoding   

  12  0:00  Probe  
  13  0:12  Probe  
  14  0:17  Pylon  
  14  0:24  Probe (Chrono Boost)  
  16  0:36  Probe (Chrono Boost)  
  16  0:37  Gateway  
  16  0:41  Probe (Chrono Boost)  
  16  0:45  Assimilator  
  17  0:53  Probe (Chrono Boost)  
  17  0:55  Assimilator  
  18  1:05  Probe (Chrono Boost)  
  18  1:08  Gateway  
  19  1:13  Probe (Chrono Boost)  
  20  1:20  Probe  
  21  1:25  Cybernetics Core  
  21  1:32  Probe  
  22  1:39  Pylon  
  22  1:44  Probe  
  23  1:57  Probe  
  24  2:02  Stalker x2  
  24  2:04  Warp Gate  
  28  2:14  Pylon  
  28  2:19  Pylon  
  28  2:32  Stalker  
  28  2:33  Stalker  
  32  2:50  Stargate  
  32  2:59  Probe  
  33  3:19  Nexus  
  32  3:30  Shield Battery, Oracle (Chrono Boost)  
  35  3:36  Pylon  
  35  3:47  Pylon  
  35  4:02  Stalker  
  41  4:03  Void Ray (Chrono Boost)  
  41  4:12  Shield Battery  
  41  4:25  Stalker  
  41  4:26  Stalker  
  45  4:43  Shield Battery  
  45  4:48  Stalker  
  45  4:49  Stalker  
  49  4:57  Robotics Facility  
  49  5:10  Stalker  
  49  5:11  Stalker  
  53  5:22  Probe x2  
  55  5:34  Probe x2  
  57  5:41  Adept x2  
  59  5:55  Probe x2  
  59  5:56  Observer (Chrono Boost)  
  48  6:09  Stalker  
  43  6:12  Stalker  
  43  6:15  Immortal (Chrono Boost)  
  42  6:35  Stalker  
  42  6:42  Immortal (Chrono Boost)  
  42  6:45  Pylon  
  37  7:00  Pylon  
Tags
 
Add a new tag
Caveats
  • Supply blocks, unpowered buildings, or Contaminate may cause inaccurate times.
  • Supply counts are checked every 10 seconds.